 Dungeon Crawl Stone Soup version 0.22.0-6-g71bd7aa (webtiles) character file.

389 Sqgman the Shield-Bearer (level 6, -10/55 HPs)
             Began as a Minotaur Fighter on Aug 15, 2018.
             Mangled by a small abomination (17 damage)
             ... on level 1 of the Abyss.
             The game lasted 00:23:13 (4373 turns).

Sqgman the Shield-Bearer (Minotaur Fighter)         Turns: 4373, Time: 00:23:13

Health: -10/55     AC: 12    Str: 23    XL:     6   Next: 50%
Magic:  4/4        EV:  5    Int:  5    God:    Xom [..*...]
Gold:   166        SH: 12    Dex:  9    Spells: 5/5 levels left

rFire    . . .     SeeInvis .   a - +0 long sword
rCold    . . .     Gourm    +   h - +2 shield
rNeg     . . .     Faith    .   b - +0 plate armour
rPois    .         Spirit   .   (helmet unavailable)
rElec    .         Reflect  .   (no cloak)
rCorr    .         Harm     .   (no gloves)
MR       +....                  (no boots)
Stlth    ..........             r - amulet of the gourmand
HPRegen  0.18/turn              (no ring)
MPRegen  0.09/turn              (no ring)

@: slowed, very slow
A: retaliatory headbutt, horns 3, blurry vision 1, low mp 1, magic resistance 1
a: Renounce Religion


You were on level 1 of the Abyss.
You worshipped Xom.
You were a toy of Xom.
You were very full.

You visited 1 branch of the dungeon, and saw 4 of its levels.
You visited the Abyss 1 time.

You collected 166 gold pieces.

Inventory:

Hand Weapons
 a - a +0 long sword (weapon)
 i - a +0 dagger of flaming
 w - a +0 shortbow
Missiles
 g - 21 stones
 n - 3 tomahawks
 o - a throwing net
 s - 3 tomahawks of returning (quivered)
Armour
 b - a +0 plate armour (worn)
 c - a +0 shield
 h - a +2 shield (worn)
Jewellery
 r - an amulet of the gourmand (around neck)
 u - an uncursed amulet of magic regeneration
Wands
 p - a wand of acid (4)
 t - a wand of flame (16)
Scrolls
 k - 3 scrolls of teleportation
 l - 2 scrolls of identify
 q - a scroll of remove curse
 v - a scroll of magic mapping
Potions
 d - a potion of might
 e - 2 potions of lignification
 j - 4 potions of heal wounds
 m - a potion of agility
Comestibles
 f - 7 rations


   Skills:
 + Level 4.9 Fighting
 + Level 5.2 Long Blades
 + Level 0.2 Throwing
 + Level 4.6 Armour
 + Level 1.3 Dodging
 + Level 0.9 Stealth
 + Level 5.4 Shields


You had 5 spell levels left.
You didn't know any spells.
Your spell library was empty.

Dungeon Overview and Level Annotations

Branches:
Dungeon (4/15)             Temple (0/1) D:4

Altars:
Kikubaaqudgha
Xom


Innate Abilities, Weirdness & Mutations

You reflexively headbutt those who attack you in melee.
You have a pair of large horns on your head.
Scrolls take you a little longer to read.
Your magical capacity is low. (-10% MP)
You are resistant to hostile enchantments. (MR+)


Message History

The small abomination hits you!
* * * LOW HITPOINT WARNING * * *
You block the freezing wraith's attack.
The freezing wraith hits you but does no damage.
You hear Xom's maniacal laughter.
Electricity courses through your body.
* * * LOW HITPOINT WARNING * * *
Xom grants you insight.
You feel momentarily disoriented.
You don't know any spells.
Press: ? - help, v - describe, . - travel The floor.
Xom smiles on you.
You feel better. You block the freezing wraith's attack.
The freezing wraith hits you!
* * * LOW HITPOINT WARNING * * *
The freezing wraith drains your vigour!
You feel yourself slow down. The small abomination hits you!
You die...
Xom is highly amused!

#.# . . . #.# # # ##
#.## # . . ..##.
##.##.# . ... # .....
#. ... #.## .#.....
#..#.. ##..##...#..#.
#..#.##.#....#.#
#.......#....##....#.
#..@..##.#..##.#..#.
......#.xW............#
..... #........#......#
###. #..........#....#
# ##≈######..(.### ..≈≈
#### # .≈≈≈≈ #..(
..≈≈≈≈≈ ###.# .#≈≈≈≈≈
.#


You could see a freezing wraith and a small abomination.

Vanquished Creatures
  A scorpion (D:4)
  A crimson imp (D:3)
  A hound (D:3)
  2 orc wizards (D:3)
  An orc priest (D:3)
  9 adders
  2 worms
  5 dart slugs
  3 leopard geckos
  14 orcs
  10 bats
  4 giant cockroaches
  5 goblins
  3 hobgoblins
  4 jackals (D:1)
  A quokka (D:4)
  3 ball pythons (D:1)
  8 frilled lizards
  4 kobolds
  6 rats
87 creatures vanquished.

Notes
Turn   | Place    | Note
-------+----------+-------------------------------------------
     0 | D:1      | Sqgman the Minotaur Fighter began the quest for the Orb.
     0 | D:1      | Reached XP level 1. HP: 19/19 MP: 0/0
   132 | D:1      | Reached XP level 2. HP: 21/27 MP: 1/1
   424 | D:1      | Reached XP level 3. HP: 27/33 MP: 2/2
   493 | D:1      | HP: 1/33 [dart slug/slug dart (5)]
  1057 | D:2      | Found an ancient bone altar of Kikubaaqudgha.
  1612 | D:2      | Reached XP level 4. HP: 41/41 MP: 3/3
  1777 | D:3      | Found a faded altar of an unknown god.
  1781 | D:3      | Became a worshipper of Xom the Begetter of Turbulence
  2138 | D:3      | XOM: harmless Tmut miscast
  2288 | D:3      | Reached skill level 1 in Dodging
  2288 | D:3      | Reached XP level 5. HP: 39/47 MP: 4/4
  2300 | D:3      | XOM: noise
  2342 | D:3      | XOM: 9-stop teleportation journey
  2452 | D:3      | XOM: scenery: create altars
  2536 | D:3      | XOM: 1-stop teleportation journey
  2579 | D:3      | XOM: fog
  2585 | D:3      | Reached skill level 5 in Shields
  2585 | D:3      | Reached XP level 6. HP: 55/55 MP: 5/5
  2900 | D:3      | XOM: scenery: 1 doors close
  2912 | D:3      | XOM: give mutation
  2912 | D:3      | Gained mutation: Your muscles are strong. (Str +2) [Xom's mischief]
  3320 | D:3      | XOM is BORED!
  3320 | D:3      | XOM: summons 2 hostile shadow creatures
  3342 | D:3      | XOM: scenery: 1 doors open
  3431 | D:4      | XOM: mild Pois miscast
  3470 | D:4      | Reached skill level 5 in Long Blades
  3538 | D:4      | Lost mutation: Your muscles are strong. (Str +2) [potion of mutation]
  3538 | D:4      | Gained mutation: You are resistant to hostile enchantments. (MR+) [potion of mutation]
  3538 | D:4      | Gained mutation: Scrolls take you a little longer to read. [potion of mutation]
  3538 | D:4      | Gained mutation: Your magical capacity is low. (-10% MP) [potion of mutation]
  3538 | D:4      | Gained mutation: You have a pair of large horns on your head. [potion of mutation]
  3950 | D:4      | Found a staircase to the Ecumenical Temple.
  3953 | D:4      | XOM: noise
  3955 | D:4      | XOM: harmless Necr miscast
  3957 | D:4      | XOM: scenery: create altars
  4282 | D:4      | XOM: medium Chrm miscast
  4320 | D:4      | XOM: severe Tloc miscast
  4320 | D:4      | Cast into level 1 of the Abyss (the severe capriciousness of Xom)
  4354 | Abyss:1  | Noticed a small abomination
  4357 | Abyss:1  | Noticed a freezing wraith
  4359 | Abyss:1  | XOM: divination: detect creatures
  4368 | Abyss:1  | XOM: mild Air miscast
  4370 | Abyss:1  | XOM: divination: magic mapping
  4372 | Abyss:1  | XOM: potion effect (curing)
  4373 | Abyss:1  | Mangled by a small abomination

Skill      XL: |  1  2  3  4  5  6 |
---------------+-------------------+-----
Fighting       | 4 |  4.9
Armour         | 4 |  4.6
Shields        | 4 5 |  5.4
Long Blades    | 3 4 5 |  5.2
Dodging        | 1 |  1.3
Throwing       | |  0.2
Stealth        | |  0.9

Action                   |  1- 3 |  4- 6 || total
-------------------------+-------+-------++-------
Melee: Long sword        |    76 |   162 ||   238
       Headbutt          |    13 |    29 ||    42
       Morningstar       |       |     7 ||     7
Throw: Stone             |       |     7 ||     7
       Tomahawk          |       |     3 ||     3
Evoke: Wand              |       |     1 ||     1
  Use: Scroll            |     4 |     4 ||     8
       Potion            |     3 |     3 ||     6
  Eat: Chunk             |     2 |    10 ||    12
       Ration            |       |     2 ||     2
Armor: Scale mail        |    25 |       ||    25
       Leather armour    |     7 |     3 ||    10
       Plate armour      |       |    95 ||    95
Dodge: Dodged            |    33 |    47 ||    80
Block: Shield            |    49 |   140 ||   189
       Rpst.: Long sword |     9 |    13 ||    22
